 Dungeon Crawl Stone Soup version 0.18.1-48-g4cf74bf (webtiles) character file.

242800 Iskender the Peltast (level 19, -17/127 HPs)
             Began as an Octopode Berserker on Sept 7, 2016.
             Was a High Priest of Trog.
             Shot with a bolt by a yaktaur (20 damage)
             ... on level 2 of the Depths on Sept 8, 2016.
             The game lasted 06:07:18 (43253 turns).

Iskender the Peltast (Octopode Berserker)          Turns: 43253, Time: 06:07:19

Health: -17/127    AC:  3    Str: 18    XL:     19   Next: 85%
Magic:  29/29      EV: 37    Int: 10    God:    Trog [*****.]
Gold:   2910       SH: 15    Dex: 19    Spells: 0 memorised, 18 levels left

rFire  + . .     SeeInvis +     a - +4 demon trident (drain)
rCold  + . .     Gourm    .     c - +0 shield {reflect}
rNeg   . . .     Faith    .     I - +2 hat
rPois  .         Spirit   .     (no amulet)
rElec  .         Dismiss  .     f - ring of Wooliv {SustAt rF+}
rCorr  +         Reflect  +     j - +6 ring of evasion
SustAt +         Harm     .     J - +3 ring of evasion
MR     ++...                    T - +4 ring of evasion
Stlth  ++++++++..               Q - ring of see invisible
                                o - ring of protection from magic
                                w - ring of resist corrosion
                                H - ring of protection from cold

@: very slightly contaminated, studying Shields, very resistant to hostile
enchantments, extraordinarily stealthy
A: almost no armour, amphibious, 8 rings, constrict 8, camouflage 1, strong 1,
gelatinous body 1
a: Berserk, Trog's Hand, Brothers in Arms, Burn Spellbooks, Renounce Religion
}: 1/15 runes: barnacled


You were on level 2 of the Depths.
You worshipped Trog.
Trog was extremely pleased with you.
You were not hungry.

You visited 7 branches of the dungeon, and saw 33 of its levels.
You visited the Abyss 1 time.
You visited 1 bazaar.
You also visited: Sewer and Ice Cave.

You collected 4512 gold pieces.
You spent 1602 gold pieces at shops.

Inventory:

Hand Weapons
 a - a +4 demon trident of draining (weapon)
 v - the +8 blowgun of Ambiguity {evade, rElec rC+ Str+3}
   (You bought it in a shop on level 2 of the Orcish Mines)

   It affects your evasion (+5 to EV).
   It affects your strength (+3).
   It protects you from cold.
   It insulates you from electricity.
Missiles
 s - 20 javelins of returning
 t - 9 throwing nets {!f}
 K - 80 tomahawks (quivered)
 O - 7 curare-tipped needles
 R - 2 needles of frenzy
Armour
 c - a +0 shield of reflection (worn)
 I - a +2 hat (worn)
Rods
 b - a +0 rod of inaccuracy (11/11)
   (You took it off an ogre mage on level 1 of the Depths)
Jewellery
 f - the ring of Wooliv (left tentacle) {SustAt rF+}
   (You found it on level 2 of the Shoals)

   [ring of sustain attributes]

   It sustains your strength, intelligence and dexterity.
   It protects you from fire.
 j - a +6 ring of evasion (right tentacle)
 o - a ring of protection from magic (on tentacle)
 w - a ring of resist corrosion (on tentacle)
 H - a ring of protection from cold (on tentacle)
 J - a +3 ring of evasion (on tentacle)
 Q - a ring of see invisible (on tentacle)
 T - a +4 ring of evasion (on tentacle)
Wands
 e - a wand of disintegration (11/24)
 r - a wand of acid (7/15)
 x - a wand of confusion (25/48)
 C - a wand of hasting (6/9)
 E - a wand of enslavement (16/24)
 G - a wand of digging (8/24)
 Y - a wand of digging (10/24)
 Z - a wand of iceblast (3/15)
Scrolls
 g - 2 scrolls of magic mapping
 k - 4 scrolls of fear
 l - 2 scrolls of blinking
 p - 5 scrolls of recharging
 y - 7 scrolls of teleportation
 z - 4 scrolls of fog
 A - 3 scrolls of vulnerability
 B - 9 scrolls of immolation
 M - a scroll of identify
 P - 9 scrolls of remove curse
 X - 2 scrolls of silence
Potions
 m - 4 potions of cancellation
 n - 2 potions of might
 q - 7 potions of curing
 u - 2 potions of haste
 F - 3 potions of agility
Books
 d - a manual of Shields
 D - a book of Dreams

   Spells                             Type                      Level
   a - Ensorcelled Hibernation        Hexes/Ice                    2
   b - Silence                        Hexes/Air                    5
   c - Darkness                       Hexes                        6
   d - Shadow Creatures               Summoning                    6
   Trog disapproves of the use of such an item.
Miscellaneous
 i - a fan of gales
 S - a legendary deck of wonders {the Mercenary}
 V - a phantom mirror
Comestibles
 L - 5 beef jerkies
 U - 7 bread rations


   Skills:
 - Level 10.6 Fighting
 - Level 14.0 Polearms
   Level 8.7(13.0) Slings
 - Level 15.2(16.0) Throwing
 + Level 13.5 Dodging
 - Level 15.1 Stealth
 - Level 16.9 Shields
 - Level 14.5 Evocations


You had 18 spell levels left.
You didn't know any spells.

Dungeon Overview and Level Annotations

Branches:
Dungeon (15/15)            Temple (1/1) D:5            Lair (8/8) D:8
 Shoals (4/4) Lair:3        Snake (1/4) Lair:6        Slime (0/6) Lair:7
    Orc (2/2) D:11            Elf (0/3) Orc:2        Vaults (0/5) D:13
 Depths (2/5) D:15

Altars:
Ashenzari
Cheibriados
Dithmenos
Elyvilon
Fedhas
Gozag
Kikubaaqudgha
Makhleb
Nemelex Xobeh
Okawaru
Pakellas
Qazlal
Ru
Sif Muna
Trog
Vehumet
Xom
Yredelemnul
Zin
The Shining One
Beogh
Jiyva

Shops:
D:5 (   D:8 ?   D:10 =   D:13 *   Orc:2 [*(:   Shoals:1 *

Portals:
Hell: Depths:1 Depths:2
Abyss: Depths:2
Ziggurat: Depths:2

Annotations:
Lair:7 1 runed door, exclusion: door
Shoals:2 exclusion: Roxanne, Roxanne
Snake:1 Nikola
Depths:1 Mara


Innate Abilities, Weirdness & Mutations

You cannot wear most types of armour.
You are amphibious.
You can wear up to eight rings at the same time.
You can use your tentacles to constrict eight enemies at once.
Your skin changes colour to match your surroundings (Stealth).
Your rubbery body absorbs attacks (AC +1).
Your muscles are strong. (Str +2)


Message History

Trog appreciates your killing of a magic user.
You hear a thunk.
The bolt hits your deep troll but does no damage.
The flayed ghost barely misses you.
You hear a thunk.
A bolt appears from out of your range of vision.
The bolt hits your deep troll!!! 2 yaktaurs come into view.
The yaktaur wields an arbalest.
The yaktaur shoots a bolt.
The bolt misses you. The flayed ghost hits your deep troll.
The yaktaur shoots a bolt.
The bolt hits you!!
* * * LOW HITPOINT WARNING * * *
You see here 2 bolts.
Unknown command.
Unknown command.
Your deep troll bites the flayed ghost!!
Your deep troll claws the flayed ghost!!
The flayed ghost is destroyed!
The yaktaur shoots a bolt.
The bolt hits you!!
You die...

##.....#...# #..........#
......(...## ..........## ###
....#......###.## ########
................## #...#..###
#.....##.........## ##........#
##......(...#.....###.........##
..#...C....)##..@OT.Q.......≈..#
.....##)...#.....(##c.........##
....#####..##......##c##>..<..##
......# #...#..................#
.#############.........(......##
##...........#####.c..c.......###
.................###.c..##......#
.......⌠...........#i...........#
.⌠...).......⌠.....'............#


You could see a tengu warrior, a spriggan berserker, 4 yaktaurs, a friendly deep
troll (berserk) and a friendly ogre (berserk).

Vanquished Creatures
  Norris (D:13)
  An Ice Fiend (IceCv)
  An Executioner (Shoals:3)
  Agnes (D:15)
  Ilsuiw (Shoals:4)
  4 fire giants
  4 frost giants
  Louise (Shoals:1)
  Donald (D:13)
  A balrug (Depths:2)
  The ghost of Apert the Cleaver, a journeyman HOFi of Qazlal (Lair:7)
  3 stone giants
  A vampire knight (Depths:1)
  2 spark wasps (Depths:2)
  An ettin (Depths:2)
  A merfolk javelineer (Shoals:4)
  Snorg (Lair:6)
  3 great orbs of eyes
  2 fire dragons
  4 merfolk impalers
  2 ogre magi (Depths:1)
  2 entropy weavers
  A rakshasa (Depths:1)
  Josephine (Lair:5)
  Harold (Orc:1)
  8 ice dragons
  8 hydras
  A naga warrior (Snake:1)
  A spriggan air mage (Depths:2)
  2 merfolk aquamancers (Shoals:4)
  2 alligator snapping turtles (Shoals:3)
  2 catoblepae
  3 centaur warriors
  6 merfolk avatars
  A queen ant (Lair:7)
  A hell hog (Abyss:3)
  A death knight (D:13)
  5 deep troll shamans
  4 satyrs
  11 death yaks
  The ghost of ghwc the Carver, a journeyman TeBe of Trog (D:11)
  3 tengu warriors
  A vampire mage (Depths:2)
  An orc high priest (Orc:2)
  2 iron golems (D:10)
  A spriggan berserker (Depths:1)
  2 sun demons (Depths:2)
  2 wretched stars (Abyss:3)
  6 iron trolls
  5 unseen horrors
  A hell knight (Depths:2)
  5 deep trolls
  10 sea snakes
  A kraken simulacrum (Shoals:4)
  4 orc knights
  23 hill giants
  4 griffons
  23 ugly things
  8 fauns
  A stone giant zombie (Orc:1)
  17 harpies
  4 orc sorcerers (Orc:2)
  6 cyclopes
  A salamander (Orc:2)
  16 manticores
  Maurice (D:13)
  2 apocalypse crabs (Abyss:3)
  4 black mambas
  A naga mage (Snake:1)
  2 smoke demons (Abyss:3)
  2 molten gargoyles (Lair:5)
  2 torpor snails
  29 elephants
  A gargoyle (D:11)
  4 ice statues (IceCv)
  10 sirens
  3 water nymphs (Shoals:4)
  The ghost of Gottschkopf the Ruffian, a novice DrTm of Makhleb (D:5)
  22 spiny frogs
  7 yaktaurs
  9 rime drakes
  5 komodo dragons
  8 ice devils (IceCv)
  2 kobold demonologists
  An efreet (D:13)
  An anaconda simulacrum (IceCv)
  2 ancient zymes (Abyss:3)
  2 tengu conjurers
  A freezing wraith (Abyss:3)
  A hellwing (Abyss:3)
  A golden dragon simulacrum (IceCv)
  A red devil (Depths:1)
  2 harpy zombies (Shoals:3)
  35 merfolk
  7 trolls
  6 wind drakes
  A polar bear (shapeshifter) (D:13)
  3 two-headed ogres
  A wind drake (shapeshifter) (Depths:2)
  A giant leech (Lair:8)
  6 slime creatures
  36 blink frogs
  3 griffon zombies (Shoals:3)
  A boulder beetle (Lair:8)
  Sigmund (D:5)
  4 large abominations (Abyss:3)
  9 snapping turtles
  3 starcursed masses (Abyss:3)
  2 air elementals (Depths:2)
  3 redbacks (Depths:2)
  8 water elementals
  2 ynoxinuls (Abyss:3)
  A basilisk (shapeshifter) (D:15)
  4 wraiths
  2 shadows
  A dire elephant simulacrum (IceCv)
  8 wyverns
  Eustachio (D:5)
  16 humans
  4 hungry ghosts
  2 hill giant zombies (Orc:1)
  55 yaks
  3 basilisks
  12 vampire mosquitoes
  21 hippogriffs
  Menkaure (D:5)
  2 mottled dragons
  4 harpy simulacra (IceCv)
  An iron troll simulacrum (IceCv)
  8 wargs
  2 hydra simulacra (IceCv)
  9 water moccasins
  20 soldier ants
  A giant eyeball (shapeshifter) (D:15)
  3 black bears
  14 porcupines
  33 orc warriors
  7 ice beasts
  6 sky beasts
  A spiny frog skeleton (Abyss:3)
  2 wasps
  4 boggarts (D:15)
  2 small abominations (Abyss:3)
  19 ogres
  3 phantoms
  The ghost of Gottschkopf the Ruffian, an amateur DrTm (D:3)
  17 wolves
  20 centaurs
  23 crocodiles
  7 big kobolds
  A giant frog (shapeshifter) (D:15)
  38 giant frogs
  2 gnoll sergeants
  A cyclops zombie (Orc:1)
  A wyvern zombie (D:10)
  4 scorpions
  A hippogriff zombie (Shoals:3)
  3 jellies
  17 killer bees
  13 wights
  5 howler monkeys
  5 electric eels
  8 crimson imps
  A lava snake (Lair:5)
  A quasit (D:11)
  6 centaur zombies
  3 giant frog zombies
  An iron imp (Abyss:3)
  20 orc priests
  Crazy Yiuf (D:5)
  3 giant frog skeletons
  7 hounds
  35 orc wizards
  5 centaur skeletons
  9 iguanas
  34 worker ants
  Ijyb (D:3)
  52 sheep
  A hound zombie (D:5)
  A howler monkey skeleton (D:10)
  2 worker ant zombies
  5 gnolls
  21 adders
  35 river rats
  A hound simulacrum (D:10)
  4 shadow imps
  A white imp (Abyss:3)
  5 oozes (Sewer)
  An adder skeleton (D:6)
  4 worms
  11 giant geckos
  107 orcs
  3 ball pythons
  10 giant cockroaches
  9 goblins
  12 hobgoblins
  15 jackals
  15 kobolds
  7 quokkas
  10 bats
  A giant gecko zombie (D:3)
  4 giant newts
  8 rats
  A bush (D:15)
  4 fungi
  A plant (Shoals:3)
1422 creatures vanquished.

Vanquished Creatures (collateral kills)
  A titan (Depths:2)
  Polyphemus (Shoals:3)
  An orc warlord (Orc:2)
  2 merfolk javelineers (Shoals:4)
  A centaur warrior (D:10)
  A catoblepas (Shoals:3)
  3 orc high priests (Orc:2)
  2 iron golems (D:10)
  A deep troll (Depths:1)
  A harpy (Shoals:3)
  A flayed ghost (Depths:2)
  A griffon (Lair:5)
  A siren (Shoals:3)
  A black mamba (Lair:4)
  A spiny frog (Lair:5)
  2 ice devils (IceCv)
  4 merfolk
  A wind drake (Shoals:2)
  A snapping turtle (Shoals:2)
  5 blink frogs
  2 wyverns (Lair:4)
  A basilisk (D:10)
  6 hippogriffs (Lair:5)
  6 orc warriors (Orc:2)
  A necrophage (D:10)
  3 orc wizards (Orc:2)
  2 orc priests (Orc:2)
  6 orcs (Orc:2)
59 creatures vanquished.

Vanquished Creatures (others)
  A stone giant (Depths:2)
  A merfolk javelineer (Shoals:2)
  A satyr (Shoals:3)
  A manticore (Shoals:2)
  A yaktaur (Depths:1)
  4 merfolk
  A raiju (Abyss:3)
  9 bushes (D:15)
  29 fungi
  A lurking horror (Abyss:3)
  40 plants
  12 tentacles (Shoals:4)
  84 tentacle segments (Shoals:4)
185 creatures vanquished.

Grand Total: 1666 creatures vanquished

Notes
Turn   | Place    | Note
--------------------------------------------------------------
     0 | D:1      | Iskender the Octopode Berserker began the quest for the Orb.
     0 | D:1      | Reached XP level 1. HP: 16/16 MP: 1/1
    50 | D:1      | Reached skill level 1 in Stealth
   192 | D:1      | Reached XP level 2. HP: 20/21 MP: 2/2
   744 | D:2      | Reached skill level 1 in Shields
   744 | D:2      | Reached XP level 3. HP: 26/26 MP: 3/3
   999 | D:2      | Reached skill level 2 in Shields
  1004 | D:2      | Reached XP level 4. HP: 31/31 MP: 4/4
  1029 | D:2      | Reached ** piety under Trog
  1172 | D:2      | Reached skill level 3 in Shields
  1678 | D:3      | Found a shadowy altar of Dithmenos.
  1863 | D:3      | Noticed Gottschkopf's ghost (amateur DrTm)
  2008 | D:4      | Found a glowing drain.
  2021 | D:4      | Reached XP level 5. HP: 36/36 MP: 5/5
  2033 | Sewer    | Entered a sewer
  2194 | Sewer    | Reached skill level 4 in Shields
  2226 | Sewer    | Reached *** piety under Trog
  2658 | D:4      | Reached XP level 6. HP: 36/42 MP: 6/6
  2750 | D:4      | Reached skill level 5 in Stealth
  2944 | D:3      | Noticed Ijyb
  2958 | D:3      | Killed Ijyb
  3465 | D:4      | Reached skill level 1 in Slings
  3563 | D:4      | Reached **** piety under Trog
  3569 | D:4      | Reached XP level 7. HP: 44/46 MP: 7/7
  3773 | D:5      | Entered Level 5 of the Dungeon
  3773 | D:5      | Found a bloodstained altar of Trog.
  3786 | D:5      | Noticed Gottschkopf's ghost (novice DrTm)
  3795 | D:5      | Got a dazzling dagger
  3801 | D:5      | Identified the +6 dagger of the Scorpion {venom, Dex+9} (You found it on level 5 of the Dungeon)
  3819 | D:5      | Noticed Crazy Yiuf
  3825 | D:5      | Killed Crazy Yiuf
  3940 | D:5      | Found Fulistrud's Antique Weapon Shoppe.
  3940 | D:5      | Noticed Sigmund
  4034 | D:5      | Found an opulent altar of Gozag.
  4034 | D:5      | Noticed Eustachio
  4303 | D:3      | Killed Gottschkopf's ghost
  4594 | D:6      | Reached skill level 5 in Polearms
  4652 | D:6      | Reached XP level 8. HP: 52/52 MP: 8/8
  4720 | D:6      | Found a blossoming altar of Fedhas.
  4852 | D:6      | Found a burning altar of Makhleb.
  4964 | D:6      | Reached skill level 5 in Slings
  5247 | D:6      | Found a bloodstained altar of Trog.
  5418 | D:5      | Found a radiant altar of Vehumet.
  5418 | D:5      | Noticed Menkaure
  5419 | D:5      | Found a staircase to the Ecumenical Temple.
  5437 | Temple   | Entered the Ecumenical Temple
  5967 | D:7      | Reached XP level 9. HP: 56/56 MP: 9/9
  6735 | D:7      | Found a glowing golden altar of the Shining One.
  6781 | D:8      | Found Xusapi's Magic Scroll Emporium.
  6786 | D:8      | Bought a scroll of identify for 22 gold pieces
  6786 | D:8      | Bought a scroll of identify for 22 gold pieces
  6786 | D:8      | Bought a scroll of fog for 22 gold pieces
  6786 | D:8      | Bought a scroll of immolation for 38 gold pieces
  7119 | D:8      | Reached ***** piety under Trog
  7397 | D:8      | Found a sacrificial altar of Ru.
  7618 | D:8      | Found a staircase to the Lair.
  7620 | D:8      | Noticed a komodo dragon
  8161 | D:8      | Found a shimmering altar of Xom.
  8166 | D:8      | Found a stormy altar of Qazlal.
  8364 | D:5      | Killed Menkaure
  8366 | D:5      | Reached XP level 10. HP: 63/63 MP: 10/10
  8461 | D:5      | Killed Sigmund
  8510 | D:5      | Killed Gottschkopf's ghost
  8518 | D:5      | Killed Eustachio
  9020 | D:9      | Received a gift from Trog
  9165 | D:9      | Reached skill level 10 in Polearms
 10222 | D:10     | Entered Level 10 of the Dungeon
 10243 | D:10     | Found a blossoming altar of Fedhas.
 10581 | D:10     | Found Gamoqu's Jewellery Shoppe.
 10615 | D:10     | Bought a +3 ring of evasion for 315 gold pieces
 10665 | D:10     | Noticed a hill giant
 10820 | D:10     | Noticed a centaur warrior
 10821 | D:10     | Noticed an iron golem
 10821 | D:10     | Noticed an iron golem
 10821 | D:10     | Noticed an iron golem
 10821 | D:10     | Noticed an iron golem
 10829 | D:10     | Reached XP level 11. HP: 32/67 MP: 11/11
 10833 | D:10     | Killed a centaur warrior
 10833 | D:10     | Reached skill level 5 in Dodging
 10838 | D:10     | Killed an iron golem
 10844 | D:10     | Killed an iron golem
 11408 | D:10     | Found a runed door.
 11652 | D:10     | Noticed a hill giant
 11737 | Lair:1   | Entered Level 1 of the Lair of Beasts
 12288 | Lair:1   | Noticed a four-headed hydra
 12537 | Lair:1   | Reached skill level 10 in Stealth
 12747 | Lair:1   | Received a gift from Trog
 12997 | Lair:2   | Reached XP level 12. HP: 67/72 MP: 12/12
 13460 | Lair:2   | Received a gift from Trog
 14046 | Lair:3   | Noticed a catoblepas
 14102 | Lair:3   | Killed a catoblepas
 14547 | Lair:3   | Found a staircase to the Shoals.
 15148 | Lair:4   | Reached skill level 1 in Throwing
 15172 | Lair:4   | Received a gift from Trog
 15806 | Lair:4   | HP: 3/72 [black mamba (13)]
 15834 | Lair:4   | Reached XP level 13. HP: 15/78 MP: 13/13
 15839 | Lair:4   | Reached skill level 5 in Throwing
 16369 | D:10     | Found a blossoming altar of Fedhas.
 16576 | D:10     | Found a blossoming altar of Fedhas.
 16919 | D:11     | Received a gift from Trog
 17088 | D:10     | Reached skill level 1 in Evocations
 17352 | D:11     | Found a staircase to the Orcish Mines.
 17367 | D:11     | Found a roughly hewn altar of Beogh.
 17902 | D:11     | Reached ****** piety under Trog
 18053 | D:11     | Noticed ghwc's ghost (journeyman TeBe)
 18073 | D:11     | Killed ghwc's ghost
 18128 | D:11     | Gained mutation: Your muscles are strong. (Str +2) [potion of beneficial mutation]
 18238 | D:12     | Found a flickering gateway to a bazaar.
 18244 | Bazaar   | Entered a bazaar
 18262 | Bazaar   | Found Kuda's Armour Emporium.
 18284 | Bazaar   | Found Nunaad's Antique Weapon Emporium.
 18284 | Bazaar   | Found Qoip's Antique Weapon Shoppe.
 18306 | Bazaar   | Found Viudoamy's Antique Weapon Emporium.
 18306 | Bazaar   | Found Sukhisiq's Weapon Shoppe.
 18399 | Bazaar   | Bought a polished double sword for 320 gold pieces
 18402 | Bazaar   | Identified the +5 double sword of the Demagogue {slice, +Inv rElec rN+ Dex+2} (You bought it in a shop in a bazaar)
 18426 | Bazaar   | Bought a +1 large shield of protection for 214 gold pieces
 18765 | D:12     | Found a snail-covered altar of Cheibriados.
 18913 | D:12     | Received a gift from Trog
 18913 | D:12     | Reached skill level 5 in Fighting
 19264 | D:10     | Bought an uncursed ring of see invisible for 225 gold pieces
 19865 | D:13     | Noticed Norris
 19901 | D:13     | Reached XP level 14. HP: 79/93 MP: 16/16
 19947 | D:13     | Found a gate to the Vaults.
 20688 | Lair:5   | Reached skill level 10 in Fighting
 20731 | Lair:4   | Received a gift from Trog
 20852 | Lair:5   | Reached skill level 10 in Dodging
 20888 | Lair:5   | Noticed Josephine
 21033 | Lair:5   | Killed Josephine
 21773 | Lair:6   | Noticed Snorg
 21784 | Lair:6   | Killed Snorg
 22131 | Lair:6   | Reached skill level 10 in Throwing
 22150 | Lair:6   | Received a gift from Trog
 22401 | Lair:6   | Found a staircase to the Snake Pit.
 22538 | Lair:6   | Received a gift from Trog
 22753 | Lair:7   | Reached XP level 15. HP: 105/105 MP: 18/18
 22842 | Lair:7   | Found a runed door.
 22843 | Lair:7   | Found a viscous altar of Jiyva.
 22843 | Lair:7   | Found a staircase to the Slime Pits.
 22843 | Lair:7   | Noticed an acid blob
 22843 | Lair:7   | Noticed an acid blob
 22854 | Lair:7   | Got a faintly glowing dagger
 22946 | Lair:7   | Noticed Apert's ghost (journeyman HOFi)
 22985 | Lair:7   | Killed Apert's ghost
 23283 | Lair:7   | Received a gift from Trog
 23288 | Lair:7   | Got a crude double sword {god gift}
 23289 | Lair:7   | Identified the +5 double sword of the Fox {freeze, rPois Stlth+} (Trog gifted it to you on level 7 of the Lair of Beasts)
 23719 | Lair:7   | Found a bloodstained altar of Trog.
 23987 | Lair:8   | Entered Level 8 of the Lair of Beasts
 24471 | Lair:8   | Received a gift from Trog
 24616 | Lair:8   | Reached skill level 5 in Evocations
 25191 | Lair:8   | Received a gift from Trog
 26001 | D:13     | Noticed Donald
 26033 | D:13     | Killed Donald
 26033 | D:13     | Received a gift from Trog
 26033 | D:13     | Reached XP level 16. HP: 70/111 MP: 19/19
 26195 | D:13     | Found Mityaf's Assorted Antiques.
 26219 | D:13     | Bought a scroll of identify for 62 gold pieces
 26281 | D:13     | Reached skill level 5 in Shields
 26342 | D:13     | Found a roughly hewn altar of Beogh.
 26550 | D:13     | Killed Norris
 26550 | D:13     | Reached skill level 6 in Shields
 26553 | D:13     | Reached skill level 7 in Shields
 26713 | D:13     | Noticed Maurice
 26724 | D:13     | Killed Maurice
 27027 | D:14     | Reached skill level 8 in Shields
 27196 | D:14     | Received a gift from Trog
 27436 | D:14     | Reached skill level 9 in Shields
 27578 | D:14     | Found a sparkling altar of Nemelex Xobeh.
 27737 | D:15     | Entered Level 15 of the Dungeon
 28001 | D:15     | Reached skill level 10 in Shields
 28697 | D:15     | Noticed Agnes
 28705 | D:15     | Killed Agnes
 28731 | D:15     | Reached skill level 11 in Shields
 28888 | D:15     | Found a staircase to the Depths.
 29043 | Orc:1    | Entered Level 1 of the Orcish Mines
 29184 | Orc:1    | Received a gift from Trog
 29268 | Orc:1    | Received a gift from Trog
 29324 | Orc:1    | Noticed Harold
 29387 | Orc:1    | Reached XP level 17. HP: 116/116 MP: 20/20
 29388 | Orc:1    | Reached skill level 12 in Shields
 29447 | Orc:1    | Killed Harold
 29722 | Orc:1    | Got a crude spear
 29723 | Orc:1    | Identified the cursed +0 spear "Qoavugiy" {venom, *Confuse rF+ rN+ Str+6} (You found it on level 1 of the Orcish Mines)
 29734 | Orc:1    | Got a smoking falchion
 29735 | Orc:1    | Identified the +11 falchion of Diugif {freeze, rPois MR+ Stlth+} (You found it on level 1 of the Orcish Mines)
 29740 | Orc:1    | Got an ichor-stained trident
 29741 | Orc:1    | Identified the +10 trident of the Fifty Gods {drain, +Fly MR+} (You found it on level 1 of the Orcish Mines)
 29745 | Orc:1    | Got a polished glaive
 29751 | Orc:1    | Identified the cursed +1 glaive of the Ten Deaths {flame, rElec SInv} (You found it on level 1 of the Orcish Mines)
 30193 | Orc:1    | Received a gift from Trog
 30408 | Orc:2    | Entered Level 2 of the Orcish Mines
 30421 | Orc:2    | Found a burning altar of Makhleb.
 30573 | Orc:2    | Found a staircase to the Elven Halls.
 30602 | Orc:2    | Reached skill level 13 in Shields
 31121 | Orc:2    | Received a gift from Trog
 31193 | Orc:2    | Found Inaedaewoa's Antique Armour Emporium.
 31194 | Orc:2    | Found Louplawk's Antique Weapon Emporium.
 31195 | Orc:2    | Found Vowkuot's General Store.
 31195 | Orc:2    | Found Ytathrouv's Book Shoppe.
 31212 | Orc:2    | Bought an ebony blowgun for 202 gold pieces
 31212 | Orc:2    | Identified the +8 blowgun of Ambiguity {evade, rElec rC+ Str+3} (You bought it in a shop on level 2 of the Orcish Mines)
 31309 | Orc:2    | Bought a scroll of identify for 24 gold pieces
 31647 | Shoals:1 | Entered Level 1 of the Shoals
 31655 | Shoals:1 | Found Ruel's General Store.
 31683 | Shoals:1 | Bought a potion of heal wounds for 80 gold pieces
 31683 | Shoals:1 | Bought a scroll of magic mapping for 56 gold pieces
 31710 | Shoals:1 | Found a frozen archway.
 31713 | Shoals:1 | Noticed Louise
 31735 | Shoals:1 | Killed Louise
 31751 | IceCv    | Entered an ice cave
 31786 | IceCv    | Reached skill level 14 in Shields
 32263 | IceCv    | Noticed an Ice Fiend
 32269 | IceCv    | Killed an Ice Fiend
 32356 | IceCv    | Received a gift from Trog
 33074 | Shoals:1 | Got an ancient lajatang
 33076 | Shoals:1 | Identified the +7 lajatang of Eternal Night {distort, MR+ Str+2} (You found it on level 1 of the Shoals)
 33512 | Shoals:2 | Got a warped lead ring
 33513 | Shoals:2 | Identified the ring of Wooliv {SustAt rF+} (You found it on level 2 of the Shoals)
 33692 | Shoals:2 | Reached skill level 15 in Shields
 34029 | Shoals:2 | Noticed Roxanne
 34720 | Shoals:3 | Received a gift from Trog
 34724 | Shoals:3 | Noticed Polyphemus
 34727 | Shoals:3 | Killed Polyphemus
 34753 | Shoals:3 | Cast into level 3 of the Abyss (a distortion unwield)
 34888 | Abyss:3  | Noticed a bone dragon
 35272 | Abyss:3  | Reached XP level 18. HP: 115/122 MP: 21/21
 35519 | Shoals:3 | Escaped the Abyss
 35578 | Shoals:3 | Reached skill level 15 in Stealth
 36988 | Shoals:3 | Received a gift from Trog
 37256 | Snake:1  | Entered Level 1 of the Snake Pit
 37257 | Snake:1  | Noticed Nikola
 37538 | Shoals:4 | Entered Level 4 of the Shoals
 37802 | Shoals:4 | Noticed Ilsuiw
 37873 | Shoals:4 | Reached skill level 15 in Throwing
 38521 | Shoals:4 | Got a barnacled rune of Zot
 38610 | Shoals:4 | Received a gift from Trog
 39139 | Shoals:4 | Killed Ilsuiw
 39867 | Shoals:4 | Reached XP level 19. HP: 127/127 MP: 26/26
 39877 | Shoals:4 | Reached skill level 10 in Evocations
 40365 | Depths:1 | Entered Level 1 of the Depths
 40500 | Depths:1 | Received a gift from Trog
 40519 | Depths:1 | Found a gateway to Hell.
 40537 | Depths:1 | Noticed Mara
 40546 | Depths:1 | Noticed Iskender's illusion
 41074 | Depths:1 | Received a gift from Trog
 41298 | Depths:1 | Found an opulent altar of Gozag.
 41523 | Depths:1 | Received a gift from Trog
 41727 | Depths:2 | Received a gift from Trog
 42064 | Depths:2 | Reached skill level 16 in Shields
 42384 | Depths:2 | Found a gateway to a ziggurat.
 42487 | Depths:2 | Identified a +0 rod of inaccuracy (11/11) (You took it off an ogre mage on level 1 of the Depths)
 42529 | Depths:2 | Found a deep blue altar of Sif Muna.
 42726 | Depths:2 | Found a one-way gate to the infinite horrors of the Abyss.
 43216 | Depths:2 | HP: 2/127 [titan (39)]
 43252 | Depths:2 | HP: 2/127 [yaktaur/bolt (22)]
 43253 | Depths:2 | Shot with a bolt by a yaktaur

Skill      XL: |  1  2  3  4  5  6  7  8  9 10 11 12 13 14 15 16 17 18 19 |
---------------+----------------------------------------------------------+-----
Stealth        | 2 3 4 5 7 9 10 11 12 14 15 | 15.1
Shields        | 1 2 3 4 11 15 16 | 16.9
Slings         | 2 3 6 7 8 |  8.7
Polearms       | 5 6 9 11 13 14 | 14.0
Dodging        | 4 6 9 10 12 13 | 13.5
Throwing       | 4 8 10 13 15 | 15.2
Evocations     | 2 4 5 9 14 | 14.5
Fighting       | 7 10 | 10.6

Action                   |  1- 3 |  4- 6 |  7- 9 | 10-12 | 13-15 | 16-18 | 19-21 || total
-------------------------+-------+-------+-------+-------+-------+-------+-------++-------
Melee: Spear             |    51 |   236 |   259 |    53 |       |       |       ||   599
       Constrict         |    11 |    43 |    40 |    60 |   161 |   180 |    19 ||   514
       Tentacles         |     8 |    33 |    39 |    97 |   335 |   446 |   158 ||  1116
       Dagger            |       |       |     8 |       |       |       |       ||     8
       Demon trident     |       |       |       |   604 |  1328 |  1896 |   529 ||  4357
       Double sword      |       |       |       |       |     3 |       |       ||     3
       Lajatang          |       |       |       |       |       |    82 |       ||    82
 Fire: Hunting sling     |       |    10 |   121 |   181 |    64 |       |       ||   376
       Greatsling        |       |       |       |       |    89 |    13 |       ||   102
       Blowgun           |       |       |       |       |       |     2 |       ||     2
Throw: Stone             |       |    15 |     1 |       |     3 |       |       ||    19
       Javelin           |       |       |       |     1 |     5 |    29 |     9 ||    44
       Tomahawk          |       |       |       |     9 |    46 |   304 |    94 ||   453
Invok: Berserk           |     3 |     5 |    11 |    11 |    13 |    14 |     2 ||    59
       Brothers in Arms  |       |       |       |     3 |     2 |     8 |     5 ||    18
       Burn Spellbooks   |       |       |       |       |     3 |       |       ||     3
       Trog's Hand       |       |       |       |       |       |     5 |     1 ||     6
Evoke: Wand              |       |       |     4 |     5 |    24 |    24 |    11 ||    68
       Rod               |       |       |       |       |       |       |     4 ||     4
  Use: Scroll            |       |    10 |     4 |    11 |     9 |    20 |     7 ||    61
       Potion            |       |     2 |     2 |     5 |     5 |    18 |     3 ||    35
 Stab: Sleeping          |     7 |    14 |    12 |    23 |    50 |    54 |     6 ||   166
       Distracted        |       |       |       |     4 |    10 |    10 |     4 ||    28
       Confused          |       |       |       |       |     5 |       |       ||     5
       Invisible         |       |       |       |       |       |    14 |       ||    14
       Paralysed         |       |       |       |       |       |     3 |       ||     3
  Eat: Chunk             |     2 |    13 |    14 |    21 |    28 |    32 |    12 ||   122
       Fruit             |       |     3 |       |     6 |    16 |     2 |       ||    27
       Bread ration      |       |     1 |     2 |     2 |     1 |     6 |       ||    12
       Pizza             |       |       |       |     1 |     2 |       |       ||     3
       Beef jerky        |       |       |       |       |       |     1 |     1 ||     2
Armor: Skin              |     1 |    12 |     6 |     4 |    14 |    30 |     2 ||    69
Dodge: Dodged            |     9 |    75 |    59 |   225 |   536 |   744 |   238 ||  1886
Block: Buckler           |       |    37 |    19 |    54 |   111 |       |       ||   221
       Shield            |       |       |       |       |       |   509 |   196 ||   705
       Reflection        |       |       |       |       |       |    50 |    12 ||    62
